[Event "Fagernes Open 2021"]
[Site "Fagernes"]
[Date "2021.10.14"]
[Round "6.2"]
[White "Edvardsen, Ragnar"]
[Black "Krivenko, Dion"]
[Result "0-1"]
[ECO "B45"]
[WhiteElo "1865"]
[BlackElo "2045"]
[Annotator "NA"]
[PlyCount "102"]
[EventDate "2021.10.10"]
[EventCountry "NOR"]
[SourceTitle "playchess.com"]
[Source "ChessBase"]
[SourceQuality "1"]
[TimeControl "40/5400+30:1800+30"]

1. e4 c5 2. Nf3 e6 3. d4 cxd4 4. Nxd4 Nf6 5. Nc3 Nc6 6. Be3 Bb4 7. Nxc6 bxc6 8. Bd3 d5 9. exd5 exd5 10. a3 Be7 11. Bg5 Bg4 12. Be2 Be6 13. O-O h6 14. Bh4 O-O 15. Kh1 Rb8 16. Rb1 Qa5 17. b4 Qc7 18. Bg3 Bd6 19. Bxd6 Qxd6 20. Na4 Bf5 21. Rb3 Rfe8 22. f3 Nh5 23. Bd3 Bxd3 24. Rxd3 Nf4 25. Rd2 a5 26. c3 axb4 27. axb4 Re3 28. g3 Ne6 29. Re1 Rxe1+ 30. Qxe1 Ra8 31. Nb6 Ra6 32. Nc4 Qc7 33. Ne5 Ra3 34. Rd1 Ng5 35. h4 Qc8 36. Qf1 Ne6 37. c4 d4 38. Rd3 Ra2 39. f4 c5 40. f5 Nf8 41. bxc5 Qxc5 42. Qf4 Qb4 43. Qf1 Qb7+ 44. Nf3 Nd7 45. Kg1 Qe4 46. Rxd4 Qe3+ 47. Kh1 Rf2 48. Qd1 Rxf3 49. Rxd7 Rxg3 50. Rd8+ Kh7 51. Rd2 Qe4+ 0-1

[Event "Fagernes Open 2021"]
[Site "Fagernes"]
[Date "2021.10.14"]
[Round "6.3"]
[White "Kreken, Eivind Grunt"]
[Black "Amundsen, Ask"]
[Result "1-0"]
[ECO "A45"]
[WhiteElo "1838"]
[BlackElo "1816"]
[Annotator "NA"]
[PlyCount "71"]
[EventDate "2021.10.10"]
[EventCountry "NOR"]
[SourceTitle "playchess.com"]
[Source "ChessBase"]
[SourceQuality "1"]
[TimeControl "40/5400+30:1800+30"]

1. d4 Nf6 2. Bg5 Ne4 3. Bf4 d5 4. e3 c5 5. Bd3 Nf6 6. c3 Nc6 7. Nd2 Qb6 8. Rb1 g6 9. Ngf3 Nh5 10. Be5 f6 11. Bg3 Nxg3 12. hxg3 Bg7 13. Rxh7 Kf7 14. Rxh8 Bxh8 15. Nh4 f5 16. g4 e6 17. Qf3 Bf6 18. gxf5 exf5 19. Qg3 Ne7 20. Ndf3 c4 21. Bc2 Bd7 22. Ne5+ Bxe5 23. Qxe5 Qf6 24. Nf3 g5 25. Kd2 Bc6 26. Rh1 Qxe5 27. Nxe5+ Kg7 28. Rh5 Kf6 29. Rh6+ Kg7 30. Re6 Re8 31. Nxc6 bxc6 32. Bxf5 Kf7 33. Bh3 Rg8 34. f3 a5 35. Rd6 a4 36. Be6+ 1-0

[Event "Fagernes Open 2021"]
[Site "Fagernes"]
[Date "2021.10.14"]
[Round "6.4"]
[White "Galinsky, Misha"]
[Black "Pedersen, Max Moe"]
[Result "0-1"]
[ECO "D00"]
[WhiteElo "1756"]
[BlackElo "1837"]
[Annotator "NA"]
[PlyCount "114"]
[EventDate "2021.10.10"]
[EventCountry "NOR"]
[SourceTitle "playchess.com"]
[Source "ChessBase"]
[SourceQuality "1"]
[TimeControl "40/5400+30:1800+30"]

1. a3 d5 2. d4 Nf6 3. Nf3 Bf5 4. Bf4 e6 5. e3 Be7 6. c4 O-O 7. Nc3 c6 8. Bd3 dxc4 9. Bxf5 exf5 10. Ne5 Nd5 11. Nxd5 cxd5 12. g4 f6 13. Nf3 fxg4 14. Nd2 f5 15. h3 Bg5 16. Bxb8 Rxb8 17. hxg4 f4 18. Qc2 h6 19. e4 f3 20. O-O-O b5 21. Kb1 b4 22. a4 Qd7 23. exd5 b3 24. Qxc4 Rfc8 25. Qa6 Qxd5 26. Rhe1 Re8 27. Qd3 Bxd2 28. Qxd2 Qc4 29. Qa5 Qc2+ 30. Ka1 Rxe1 31. Qxe1 Qc4 32. Qc3 Qxa4+ 33. Kb1 Qa2+ 34. Kc1 Qa6 35. Qxf3 Rc8+ 36. Kd2 Qa2 37. Ke1 Qxb2 38. d5 Qe5+ 39. Qe3 Qxe3+ 40. fxe3 b2 41. Kd2 Rc5 42. e4 Rc4 43. Rb1 Rxe4 44. Rxb2 Rd4+ 45. Ke3 Rxd5 46. Ra2 a5 47. Ra4 Rb5 48. Kf3 Kh7 49. Ra3 Kg6 50. Kg3 Kg5 51. Kh3 Kf4 52. Kh4 g6 53. Ra4+ Ke3 54. Ra3+ Kd4 55. Ra4+ Kc3 56. Re4 Rb6 57. Ra4 Ra6 0-1

[Event "Fagernes Open 2021"]
[Site "Fagernes"]
[Date "2021.10.14"]
[Round "6.5"]
[White "Fredriksen, Jan Gunnar"]
[Black "Stromhaug, Kristoffer Wang"]
[Result "1/2-1/2"]
[ECO "A00"]
[WhiteElo "1835"]
[BlackElo "1718"]
[Annotator "NA"]
[PlyCount "86"]
[EventDate "2021.10.10"]
[EventCountry "NOR"]
[SourceTitle "playchess.com"]
[Source "ChessBase"]
[SourceQuality "1"]
[TimeControl "40/5400+30:1800+30"]

1. g4 d5 2. Bg2 e6 3. d3 Bd6 4. Nc3 a6 5. e4 d4 6. Nce2 e5 7. Ng3 Bb4+ 8. Kf1 Nc6 9. h4 g6 10. g5 Be6 11. Bh3 Qd7 12. Kg2 O-O-O 13. Bxe6 Qxe6 14. Nh3 Nge7 15. Rf1 Rhf8 16. f4 f5 17. gxf6 Rxf6 18. a3 Bd6 19. Ng5 Qg8 20. Qg4+ Kb8 21. Nh3 Rdf8 22. Bd2 exf4 23. Bxf4 Bxf4 24. Rxf4 Rxf4 25. Nxf4 Ne5 26. Qg5 N7c6 27. Nge2 Qh8 28. Rf1 h6 29. Qg3 g5 30. hxg5 hxg5 31. Nh3 Rxf1 32. Kxf1 Qf8+ 33. Qf2 Qh6 34. Qg2 g4 35. Nhf4 Nf3 36. c3 Qh4 37. Qg3 Qh1+ 38. Ng1 Nxg1 39. Qxg1 Qf3+ 40. Qf2 Qh1+ 41. Qg1 Qf3+ 42. Qf2 Qh1+ 43. Qg1 Qf3+ 1/2-1/2

[Event "Fagernes Open 2021"]
[Site "Fagernes"]
[Date "2021.10.14"]
[Round "6.6"]
[White "Fiskaaen, Martin Holten"]
[Black "Johannessen, Theo N"]
[Result "1-0"]
[ECO "D85"]
[WhiteElo "1829"]
[BlackElo "1668"]
[Annotator "NA"]
[PlyCount "75"]
[EventDate "2021.10.10"]
[EventCountry "NOR"]
[SourceTitle "playchess.com"]
[Source "ChessBase"]
[SourceQuality "1"]
[TimeControl "40/5400+30:1800+30"]

1. d4 Nf6 2. c4 g6 3. Nc3 d5 4. cxd5 Nxd5 5. Bd2 Bg7 6. e4 Nxc3 7. Bxc3 c5 8. d5 Bxc3+ 9. bxc3 Qa5 10. Qd2 b6 11. Nf3 Ba6 12. g3 Bxf1 13. Kxf1 Nd7 14. a4 O-O-O 15. Kg2 f6 16. Qe2 Kb7 17. Ra3 Qa6 18. c4 Ne5 19. Nxe5 fxe5 20. a5 b5 21. cxb5 Qd6 22. Rc3 e6 23. dxe6 Rhe8 24. Rhc1 Rc8 25. Qe3 Qxe6 26. Rxc5 Rf8 27. Qc3 Rxc5 28. Qxc5 Rf7 29. Qc6+ Qxc6 30. Rxc6 Re7 31. Rc5 Re6 32. Kf3 h5 33. h4 Rf6+ 34. Ke3 Re6 35. f4 exf4+ 36. gxf4 Rf6 37. f5 a6 38. b6 1-0

[Event "Fagernes Open 2021"]
[Site "Fagernes"]
[Date "2021.10.14"]
[Round "6.7"]
[White "Ostensen, Nicolai Maxime"]
[Black "Myagmarsuren, Evsuld"]
[Result "0-1"]
[ECO "D48"]
[WhiteElo "1768"]
[BlackElo "1650"]
[Annotator "NA"]
[PlyCount "54"]
[EventDate "2021.10.10"]
[EventCountry "NOR"]
[SourceTitle "playchess.com"]
[Source "ChessBase"]
[SourceQuality "1"]
[TimeControl "40/5400+30:1800+30"]

1. c4 c6 2. d4 d5 3. e3 Nf6 4. Nc3 e6 5. Nf3 Nbd7 6. Bd3 dxc4 7. Bxc4 b5 8. Bd3 Bb7 9. O-O a6 10. e4 c5 11. e5 cxd4 12. Nxb5 axb5 13. exf6 Qb6 14. Bb1 Nxf6 15. Qxd4 Bc5 16. Qf4 Ra4 17. Qb8+ Ke7 18. Qg3 Rg4 19. Qh3 Qc6 20. Kh1 h6 21. Bd2 Rd8 22. Bc3 Bd4 23. Bb4+ Ke8 24. a3 Bxb2 25. Ra2 Rd5 26. Ne1 Rh5 27. Qf3 Qc7 0-1

[Event "Fagernes Open 2021"]
[Site "Fagernes"]
[Date "2021.10.14"]
[Round "6.8"]
[White "Skigelstrand, Live Jorgensen"]
[Black "Cross, Jamie"]
[Result "1/2-1/2"]
[ECO "C10"]
[WhiteElo "1649"]
[BlackElo "1761"]
[Annotator "NA"]
[PlyCount "82"]
[EventDate "2021.10.10"]
[EventCountry "NOR"]
[SourceTitle "playchess.com"]
[Source "ChessBase"]
[SourceQuality "1"]
[TimeControl "40/5400+30:1800+30"]

1. e4 e6 2. d4 d5 3. Nd2 dxe4 4. Nxe4 Nd7 5. Nf3 Ngf6 6. Bd3 Nxe4 7. Bxe4 Nf6 8. Bg5 Be7 9. Bxf6 Bxf6 10. c3 Qd6 11. O-O O-O 12. Re1 g6 13. h4 c5 14. h5 cxd4 15. cxd4 Bd7 16. Ne5 Rad8 17. hxg6 hxg6 18. Bxb7 Rb8 19. Be4 Rxb2 20. Re3 Bxe5 21. dxe5 Qxd1+ 22. Rxd1 Ba4 23. Rd6 Rxa2 24. Ra6 Bb3 25. Rxa2 Bxa2 26. Ra3 Bc4 27. Rxa7 Rd8 28. g3 Bd5 29. Bxd5 Rxd5 30. f4 Rd2 31. Ra8+ Kg7 32. Ra4 g5 33. Kf1 Kg6 34. fxg5 Kxg5 35. Rf4 Kg6 36. Rf6+ Kg7 37. Rf4 Ra2 38. Rg4+ Kf8 39. Re4 Ke7 40. Re2 Rxe2 41. Kxe2 f6 1/2-1/2

[Event "Fagernes Open 2021"]
[Site "Fagernes"]
[Date "2021.10.14"]
[Round "6.9"]
[White "Dulman, Egmond-Gabriel"]
[Black "Hellesoy, David"]
[Result "1-0"]
[ECO "E20"]
[WhiteElo "2065"]
[BlackElo "1500"]
[Annotator "ChessBase"]
[PlyCount "67"]
[EventDate "2021.10.10"]
[EventCountry "NOR"]
[SourceTitle "playchess.com"]
[Source "ChessBase"]
[SourceQuality "1"]
[TimeControl "40/5400+30:1800+30"]

1. d4 Nf6 2. c4 e6 3. Nc3 Bb4 4. f3 d5 5. Bg5 c5 6. a3 Bxc3+ 7. bxc3 Nc6 8. cxd5 exd5 9. e3 Bf5 10. Bd3 Bxd3 11. Qxd3 c4 12. Qc2 O-O 13. Ne2 h6 14. Bh4 Re8 15. Bf2 b5 16. O-O a5 17. Ng3 b4 18. e4 dxe4 19. fxe4 bxc3 20. d5 Ne5 21. Bd4 Rc8 22. Qxc3 Nfd7 23. Nf5 f6 24. Qg3 Re7 25. Nxh6+ Kf8 26. Nf5 Nd3 27. Qg6 N7e5 28. Qh7 g5 29. Qh8+ Kf7 30. Nh6+ Kg6 31. Rxf6+ Kh5 32. Ng8+ Rh7 33. Qxh7+ Kg4 34. Qh3# 1-0

[Event "Fagernes Open 2021"]
[Site "Fagernes"]
[Date "2021.10.14"]
[Round "6.10"]
[White "Unhjem, Bjorn Robert Lovoll"]
[Black "Strand, Amund Pihl"]
[Result "0-1"]
[ECO "E10"]
[WhiteElo "1924"]
[BlackElo "1712"]
[Annotator "NA"]
[PlyCount "138"]
[EventDate "2021.10.10"]
[EventCountry "NOR"]
[SourceTitle "playchess.com"]
[Source "ChessBase"]
[SourceQuality "1"]
[TimeControl "40/5400+30:1800+30"]

1. d4 Nf6 2. c4 c5 3. d5 e6 4. Nf3 b5 5. dxe6 fxe6 6. cxb5 d5 7. a4 Bd6 8. g3 O-O 9. Bg2 Nbd7 10. O-O Bb7 11. Ng5 Qe7 12. Nd2 h6 13. Ngf3 a6 14. Nh4 Qf7 15. Nc4 Bc7 16. Ra3 g5 17. Nf3 dxc4 18. Nxg5 hxg5 19. Bxb7 Ra7 20. bxa6 Qh5 21. Qd2 Nb8 22. Qxg5+ Qxg5 23. Bxg5 Nxa6 24. Bg2 Nh7 25. Bc1 Be5 26. Bc6 Nb4 27. Bb5 Nc2 28. Rc3 Bxc3 29. bxc3 Rb8 30. Bxc4 Rxa4 31. Bxe6+ Kg7 32. Bf5 Na3 33. Rd1 Nf6 34. f3 Nb5 35. Bf4 Nxc3 36. Rd2 Re8 37. e4 Ra1+ 38. Kf2 Ra2 39. g4 Rxd2+ 40. Bxd2 Nb5 41. g5 Ng8 42. Ke3 c4 43. Bc1 Rd8 44. Be6 c3 45. Bb3 Ne7 46. Ba4 Nc7 47. Ke2 Ra8 48. Bb3 Nb5 49. Kd3 Nc6 50. Bf4 Rf8 51. Be3 Rxf3 52. Ba4 Ncd4 53. Bd1 Rh3 54. Bg4 Rxh2 55. Bd7 Rh1 56. Bf4 Rd1+ 57. Kc4 c2 58. Bg4 c1=Q+ 59. Bxc1 Rxc1+ 60. Kd5 Rg1 61. Bd7 Rxg5+ 62. e5 Kf7 63. Ke4 Ke7 64. Kf4 Rg1 65. Bg4 Ne6+ 66. Kf5 Nbd4+ 67. Kg6 Rxg4+ 68. Kh5 Rg5+ 69. Kh6 Kf7 0-1

[Event "Fagernes Open 2021"]
[Site "Fagernes"]
[Date "2021.10.14"]
[Round "6.11"]
[White "Lye, Sigurd"]
[Black "Shehzad, Alina"]
[Result "1-0"]
[ECO "B31"]
[WhiteElo "1821"]
[BlackElo "1189"]
[Annotator "NA"]
[PlyCount "119"]
[EventDate "2021.10.10"]
[EventCountry "NOR"]
[SourceTitle "playchess.com"]
[Source "ChessBase"]
[SourceQuality "1"]
[TimeControl "40/5400+30:1800+30"]

1. e4 c5 2. Nf3 Nc6 3. Bb5 g6 4. O-O Bg7 5. c3 Nf6 6. Re1 O-O 7. d4 d5 8. e5 Ne4 9. Nbd2 Bf5 10. Nh4 Nxd2 11. Nxf5 gxf5 12. Qxd2 cxd4 13. cxd4 e6 14. Bxc6 bxc6 15. b3 Kh8 16. Ba3 Rg8 17. Rac1 Rc8 18. Rc3 Qh4 19. f4 Bh6 20. Rf1 Rg4 21. Rcf3 Rcg8 22. R1f2 Bf8 23. Bxf8 Rxf8 24. Kf1 Qh6 25. Rh3 Qg7 26. Rc3 Rc8 27. Qc1 Qh6 28. h3 Rh4 29. Rcf3 Qg7 30. Qc5 Qf8 31. Qxf8+ Rxf8 32. Rc3 Rc8 33. b4 Rb8 34. a3 Rb6 35. Rc5 Ra6 36. Rf3 Kg7 37. Kf2 Rh6 38. Rfc3 Kf8 39. Rxc6 Rxc6 40. Rxc6 Ke8 41. Ra6 Rg6 42. Rxa7 Rg7 43. b5 Kd8 44. b6 Kc8 45. a4 Kb8 46. a5 Rg8 47. Rxf7 Rc8 48. a6 Rd8 49. Rxh7 Re8 50. Rf7 Ka8 51. h4 Kb8 52. h5 Ka8 53. h6 Kb8 54. h7 Ka8 55. Rg7 Kb8 56. Rg8 Kc8 57. Rxe8+ Kd7 58. Kf3 Kxe8 59. h8=Q+ Kd7 60. Qg7+ 1-0

[Event "Fagernes Open 2021"]
[Site "Fagernes"]
[Date "2021.10.14"]
[Round "6.12"]
[White "Bronmo, Askild Skovgaard"]
[Black "Orban, Tiberiu"]
[Result "1-0"]
[ECO "B40"]
[WhiteElo "1637"]
[BlackElo "1731"]
[Annotator "NA"]
[PlyCount "91"]
[EventDate "2021.10.10"]
[EventCountry "NOR"]
[SourceTitle "playchess.com"]
[Source "ChessBase"]
[SourceQuality "1"]
[TimeControl "40/5400+30:1800+30"]

1. e4 c5 2. Nf3 e6 3. g3 Nc6 4. Bg2 d6 5. O-O Be7 6. d4 cxd4 7. Nxd4 e5 8. Ne2 Nf6 9. c4 Bg4 10. Be3 Be6 11. b3 O-O 12. h3 Qd7 13. Kh2 Ne8 14. Nbc3 f5 15. exf5 Bxf5 16. Nd5 Bd8 17. Nec3 Nf6 18. Qe2 Nxd5 19. Nxd5 Ne7 20. Rad1 Kh8 21. Qd2 Be6 22. Nxe7 Bxe7 23. c5 d5 24. Bxd5 Bxh3 25. Bg2 Qxd2 26. Rxd2 Bxg2 27. Kxg2 Rac8 28. Rd5 Bf6 29. Rd7 Rb8 30. Rfd1 h6 31. b4 a6 32. R1d6 Rfd8 33. Kf3 Rxd7 34. Rxd7 Bg5 35. Bxg5 hxg5 36. Ke4 Rf8 37. f3 g4 38. fxg4 Rf2 39. Kxe5 Re2+ 40. Kd6 Rd2+ 41. Ke7 Rxa2 42. Rxb7 Ra3 43. c6 Kh7 44. c7 Re3+ 45. Kd7 Rd3+ 46. Kc8 1-0

[Event "Fagernes Open 2021"]
[Site "Fagernes"]
[Date "2021.10.14"]
[Round "6.13"]
[White "Stokhaug, Jon Arne"]
[Black "Bach, Oliver"]
[Result "1-0"]
[ECO "D45"]
[WhiteElo "1861"]
[BlackElo "1715"]
[Annotator "NA"]
[PlyCount "81"]
[EventDate "2021.10.10"]
[EventCountry "NOR"]
[SourceTitle "playchess.com"]
[Source "ChessBase"]
[SourceQuality "1"]
[TimeControl "40/5400+30:1800+30"]

1. d4 d5 2. Nf3 Nf6 3. c4 c6 4. Nc3 e6 5. e3 Bd6 6. Bd3 dxc4 7. Bxc4 O-O 8. e4 Bb4 9. Qc2 h6 10. O-O Bxc3 11. bxc3 b5 12. Bd3 Qe7 13. a4 Qb7 14. Rb1 a6 15. c4 b4 16. e5 Ne8 17. a5 Qc7 18. Rxb4 Qxa5 19. Ra4 Qd8 20. Ba3 Nd7 21. Bxf8 Nxf8 22. h3 Nc7 23. Be4 Bd7 24. Rb4 a5 25. Rb2 Na6 26. Qc3 Nb4 27. Nd2 f5 28. exf6 Qxf6 29. Nf3 Qf4 30. Qe3 Qf6 31. Ra1 Qd8 32. Qa3 Qb8 33. Rxb4 Qf4 34. Qe3 Qf6 35. Rba4 Rb8 36. Rxa5 Rb2 37. Ra8 Rb4 38. Ne5 Rb7 39. Ng6 Be8 40. Rxe8 Rf7 41. Raa8 1-0

[Event "Fagernes Open 2021"]
[Site "Fagernes"]
[Date "2021.10.14"]
[Round "6.14"]
[White "Sekkingstad, Thomas"]
[Black "Grindbakken, Erik"]
[Result "0-1"]
[ECO "D31"]
[WhiteElo "1812"]
[BlackElo "1632"]
[Annotator "NA"]
[PlyCount "120"]
[EventDate "2021.10.10"]
[EventCountry "NOR"]
[SourceTitle "playchess.com"]
[Source "ChessBase"]
[SourceQuality "1"]
[TimeControl "40/5400+30:1800+30"]

1. d4 e6 2. c4 d5 3. Nc3 c6 4. Nf3 dxc4 5. a4 Bb4 6. e3 b5 7. Bd2 a5 8. axb5 Bxc3 9. Bxc3 cxb5 10. b3 Bb7 11. bxc4 b4 12. Bb2 Nf6 13. Bd3 Nbd7 14. c5 Bc6 15. Bc2 O-O 16. Ba4 Qc7 17. O-O Rfb8 18. Bxc6 Qxc6 19. Qa4 Rb5 20. Qb3 Rb7 21. Ra4 Ne4 22. Rfa1 Rba7 23. Qc2 h6 24. Ne1 Ra6 25. Nd3 Qc8 26. Qe2 Nb8 27. Ne5 Nc6 28. Nc4 Qd8 29. Nb6 R8a7 30. Qf3 f5 31. Qe2 Nf6 32. Qb5 Qc7 33. Qc4 Qf7 34. Bc1 Nd5 35. Nc8 Ra8 36. Nd6 Qf6 37. Bd2 g5 38. f3 Kh7 39. e4 Nc7 40. Be3 f4 41. Bf2 h5 42. d5 exd5 43. exd5 Ne5 44. Qe4+ Ng6 45. Bd4 Qe7 46. Nf5 Qd7 47. d6 Re8 48. Ne7 Rxe7 49. dxe7 Re6 50. Qd3 Nb5 51. c6 Qxd4+ 52. Qxd4 Nxd4 53. c7 Nxe7 54. Rd1 Rd6 55. Kf1 Nb5 56. Rxd6 Nxd6 57. Rxa5 b3 58. Ra3 Nc4 59. Ra7 Nc8 60. Rb7 N4b6 0-1

[Event "Fagernes Open 2021"]
[Site "Fagernes"]
[Date "2021.10.14"]
[Round "6.15"]
[White "Wibe, Per H."]
[Black "Eriksen, Olai Dyrhaug"]
[Result "0-1"]
[ECO "B27"]
[WhiteElo "1755"]
[BlackElo "1809"]
[Annotator "NA"]
[PlyCount "120"]
[EventDate "2021.10.10"]
[EventCountry "NOR"]
[SourceTitle "playchess.com"]
[Source "ChessBase"]
[SourceQuality "1"]
[TimeControl "40/5400+30:1800+30"]

1. e4 c6 2. c4 d5 3. cxd5 cxd5 4. exd5 Nf6 5. Nc3 g6 6. Nf3 Bg7 7. Bb5+ Nbd7 8. d4 O-O 9. O-O Nb6 10. Re1 a6 11. Bf1 Nbxd5 12. Ne5 Nxc3 13. bxc3 Nd7 14. Ng4 h5 15. Nh6+ Kh7 16. Nf5 gxf5 17. Qxh5+ Kg8 18. Qxf5 Nf6 19. Qg5 Nh7 20. Qg3 Bf5 21. Bc4 Qd6 22. Bf4 Qg6 23. Bd5 Rac8 24. Rac1 Qxg3 25. hxg3 e6 26. Bxb7 Rc4 27. Bd6 Rd8 28. Bc5 Ra4 29. a3 Bf8 30. Bb4 Bxb4 31. axb4 Rb8 32. Bc6 Ra3 33. d5 Rc8 34. c4 Nf6 35. f3 Rb3 36. b5 axb5 37. cxb5 Nxd5 38. Rcd1 Nc3 39. Rd4 Nxb5 40. Bxb5 Rxb5 41. g4 Bg6 42. f4 Rc2 43. Re3 Rbb2 44. Rg3 Rc1+ 45. Kh2 Rbb1 46. Rf3 Rf1 47. Rxf1 Rxf1 48. Kg3 Kg7 49. g5 Bf5 50. Kh4 Kg6 51. Kg3 Ra1 52. Kh4 Rh1+ 53. Kg3 Kh5 54. Rd8 Rb1 55. Rh8+ Kg6 56. Rd8 Rb3+ 57. Kh2 Kh5 58. Rd2 Kg4 59. Rf2 Be4 60. Kg1 Kg3 0-1

[Event "Fagernes Open 2021"]
[Site "Fagernes"]
[Date "2021.10.14"]
[Round "6.16"]
[White "Rynning, Rune Kleiven"]
[Black "Lystad, Maximilian L"]
[Result "0-1"]
[ECO "C15"]
[WhiteElo "1721"]
[BlackElo "1767"]
[Annotator "NA"]
[PlyCount "58"]
[EventDate "2021.10.10"]
[EventCountry "NOR"]
[SourceTitle "playchess.com"]
[Source "ChessBase"]
[SourceQuality "1"]
[TimeControl "40/5400+30:1800+30"]

1. e4 e6 2. d4 d5 3. Nc3 Bb4 4. Nge2 Nc6 5. a3 Ba5 6. b4 Bb6 7. e5 f6 8. f4 fxe5 9. fxe5 Nxd4 10. h4 Nxe2 11. Bxe2 Ne7 12. Bg5 O-O 13. Qd2 Bf2+ 14. Kd1 Qe8 15. h5 h6 16. Bf4 d4 17. Ne4 Nd5 18. Nf6+ gxf6 19. Bxh6 Be3 20. Bxe3 Nxe3+ 21. Kc1 fxe5 22. c3 Qc6 23. c4 Rf2 24. Qd3 Qxg2 25. Kd2 Rxe2+ 26. Qxe2 Nxc4+ 27. Kd3 Qg3+ 28. Kc2 Qc3+ 29. Kb1 Nd2+ 0-1

[Event "Fagernes Open 2021"]
[Site "Fagernes"]
[Date "2021.10.15"]
[Round "7.1"]
[White "Krivenko, Dion"]
[Black "Dahl, Torbjorn"]
[Result "1-0"]
[ECO "C00"]
[WhiteElo "2045"]
[BlackElo "1876"]
[Annotator "NA"]
[PlyCount "113"]
[EventDate "2021.10.10"]
[EventCountry "NOR"]
[SourceTitle "playchess.com"]
[Source "ChessBase"]
[SourceQuality "1"]
[TimeControl "40/5400+30:1800+30"]

1. e4 e6 2. b3 d5 3. Bb2 dxe4 4. Nc3 Nf6 5. Qe2 Bb4 6. O-O-O Qe7 {[%emt 0:00:00] The main line 6...Qe7 scores better than 6...Bxc3.} 7. Nxe4 Ba3 8. Nxf6+ Qxf6 9. d4 Bxb2+ 10. Kxb2 O-O 11. Nf3 Nc6 {[%emt 0:04:01] [#]} 12. Ne5 $146 ({Predecessor:} 12. Qe4 a5 13. Bd3 g6 14. h4 Rd8 15. c3 a4 16. h5 axb3 17. axb3 Qe7 18. Ra1 Rxa1 19. Rxa1 {1-0 (47) Zawadzka,J (2403)-Sedina,E (2294) Chess.com INT 2021}) 12... a5 13. Nxc6 bxc6 14. Qe5 Qe7 15. a4 Qd6 16. h4 f6 17. Qe4 Ba6 18. Bd3 Bxd3 19. Rxd3 Qd5 20. Re1 $16 Rfe8 21. Rc3 Rad8 22. Qxd5 Rxd5 23. Rxc6 Rxd4 24. Rexe6 Rxe6 25. Rxe6 Rxh4 26. Ra6 Rh5 27. Rc6 Rh2 28. Rxc7 Rxg2 29. Rc5 h5 30. b4 Rg4 31. c4 h4 32. bxa5 h3 33. Rh5 Rxc4 34. Kb3 Rf4 35. a6 Rd4 36. a7 Rd8 37. Rb5 h2 38. Rb8 h1=Q 39. Rxd8+ Kh7 40. a8=Q Qb1+ 41. Kc3 Qe1+ 42. Rd2 Qc1+ 43. Kd3 Qf1+ 44. Kc3 Qc1+ 45. Rc2 Qa1+ 46. Kd2 Qd4+ 47. Ke2 Qe5+ 48. Kf1 Qa1+ 49. Kg2 Qd4 50. Qf3 Qe5 51. Rc4 Qg5+ 52. Qg4 Qa5 53. Qe4+ Kh6 54. Qh4+ Kg6 55. Qg3+ Kh7 56. Rh4+ Kg8 57. Qb3+ 1-0

[Event "Fagernes Open 2021"]
[Site "Fagernes"]
[Date "2021.10.15"]
[Round "7.2"]
[White "Kittilsen, Sigurd"]
[Black "Kreken, Eivind Grunt"]
[Result "0-1"]
[ECO "B32"]
[WhiteElo "1881"]
[BlackElo "1838"]
[Annotator "NA"]
[PlyCount "54"]
[EventDate "2021.10.10"]
[EventCountry "NOR"]
[SourceTitle "playchess.com"]
[Source "ChessBase"]
[SourceQuality "1"]
[TimeControl "40/5400+30:1800+30"]

1. e4 c5 2. Nf3 Nc6 3. d4 cxd4 4. Nxd4 e5 5. Nb5 d6 6. N1c3 a6 7. Na3 Be7 8. Nc4 {[%emt 0:00:00] 8.Nc4 is better than 8.Nd5.} b5 9. Ne3 Nf6 10. Ned5 O-O 11. Be3 Nxd5 12. Nxd5 Bg5 13. Bxg5 Qxg5 {[%emt 0:00:00] [#]} 14. h4 $146 ({Predecessor:} 14. c3 Bb7 15. Ne3 Ne7 16. Bd3 Rad8 17. h4 Qf4 18. g3 Qf6 19. Qe2 d5 20. Ng4 {½-½ (28) Stanciu,A (1875)-Geiger,A (2205) Satu Mare 2019}) 14... Qd8 15. a4 b4 16. Qd2 a5 17. O-O-O Be6 18. Bc4 Nd4 19. Qd3 Rc8 20. c3 $19 (20. f4 $15) 20... bxc3 21. bxc3 Bxd5 22. Bxd5 Rxc3+ 23. Qxc3 Ne2+ 24. Kb2 Nxc3 25. Kxc3 Qb6 26. Rd2 Rc8+ 27. Kd3 Qa6+ 0-1

[Event "Fagernes Open 2021"]
[Site "Fagernes"]
[Date "2021.10.15"]
[Round "7.3"]
[White "Pedersen, Max Moe"]
[Black "Fiskaaen, Martin Holten"]
[Result "1-0"]
[ECO "D45"]
[WhiteElo "1837"]
[BlackElo "1829"]
[Annotator "NA"]
[PlyCount "127"]
[EventDate "2021.10.10"]
[EventCountry "NOR"]
[SourceTitle "playchess.com"]
[Source "ChessBase"]
[SourceQuality "1"]
[TimeControl "40/5400+30:1800+30"]

1. d4 Nf6 2. c4 e6 3. Nf3 d5 4. Nc3 c6 5. e3 Nbd7 6. Be2 Bd6 7. O-O O-O 8. b3 b6 9. Bb2 Bb7 10. Bd3 Re8 11. Re1 Rc8 12. Rc1 c5 13. cxd5 exd5 14. Ne2 Qe7 15. Ng3 g6 16. Nd2 h5 17. Nf3 Ne4 18. Rc2 h4 19. Nf1 h3 20. g3 Ndf6 21. Ne5 Ng5 22. f4 Nge4 23. Nd2 Qe6 24. Be2 cxd4 25. Nxe4 Nxe4 26. Rxc8 Rxc8 27. exd4 f5 28. Qd3 Bb4 29. Rc1 Rxc1+ 30. Bxc1 Qc8 31. Bb2 Kg7 32. a3 Bd6 33. Bf3 Ba6 34. Qd1 Nc3 35. Qd2 Nb1 36. Qd1 Nc3 37. Qd2 Ne4 38. Qd1 Qc7 39. Bxe4 fxe4 40. Qg4 Bc8 41. Qxg6+ Kf8 42. Qf6+ Kg8 43. Qg6+ Kf8 44. Qh6+ Kg8 45. Qg5+ Qg7 46. Ng6 Kh7 47. Qd8 Qxg6 48. Qxc8 e3 49. Qxh3+ Kg8 50. Qc8+ Bf8 51. f5 Qg4 52. Qe6+ Kh7 53. Qg6+ Qxg6 54. fxg6+ Kxg6 55. Kg2 Kf5 56. Kf3 Bh6 57. g4+ Ke6 58. h4 e2 59. Kxe2 Bf4 60. Bc3 a5 61. a4 Kf6 62. Bd2 Bg3 63. h5 Bh4 64. Kf3 1-0

[Event "Fagernes Open 2021"]
[Site "Fagernes"]
[Date "2021.10.15"]
[Round "7.4"]
[White "Myagmarsuren, Evsuld"]
[Black "Fredriksen, Jan Gunnar"]
[Result "1-0"]
[ECO "B00"]
[WhiteElo "1650"]
[BlackElo "1835"]
[Annotator "NA"]
[PlyCount "41"]
[EventDate "2021.10.10"]
[EventCountry "NOR"]
[SourceTitle "playchess.com"]
[Source "ChessBase"]
[SourceQuality "1"]
[TimeControl "40/5400+30:1800+30"]

1. e4 a6 2. d4 b5 3. a3 Bb7 4. Nc3 e6 5. Bd3 Nf6 6. Nf3 c5 7. O-O c4 8. Be2 Nxe4 9. Nxe4 Bxe4 10. Ng5 Bg6 11. d5 h6 12. Nh3 exd5 13. Nf4 Bh7 14. Qxd5 Nc6 15. Bh5 g6 16. Re1+ Be7 17. Bg4 f5 18. Nh5 Bg8 19. Nf6+ Kf8 20. Bxh6+ Rxh6 21. Qxg8# 1-0

[Event "Fagernes Open 2021"]
[Site "Fagernes"]
[Date "2021.10.15"]
[Round "7.5"]
[White "Strand, Amund Pihl"]
[Black "Dulman, Egmond-Gabriel"]
[Result "1-0"]
[ECO "A90"]
[WhiteElo "1712"]
[BlackElo "2065"]
[Annotator "NA"]
[PlyCount "73"]
[EventDate "2021.10.10"]
[EventCountry "NOR"]
[SourceTitle "playchess.com"]
[Source "ChessBase"]
[SourceQuality "1"]
[TimeControl "40/5400+30:1800+30"]

1. c4 f5 2. Nc3 Nf6 3. g3 e6 4. Bg2 d5 5. cxd5 exd5 6. d4 c6 7. Nf3 Bd6 8. O-O O-O 9. Rb1 Ne4 10. Qc2 Be6 11. b4 f4 12. Ne5 Nxc3 13. Qxc3 fxg3 14. hxg3 a6 15. a4 Nd7 16. Bf4 Nxe5 17. dxe5 Be7 18. Rfd1 Qc8 19. e4 dxe4 20. Bxe4 Bf5 21. Qd3 Bxe4 22. Qxe4 Qe6 23. b5 $14 axb5 24. axb5 Rad8 25. Rdc1 Qd5 26. Qxd5+ Rxd5 27. bxc6 bxc6 28. Rxc6 g5 29. Rb7 gxf4 30. Rxe7 fxg3 31. fxg3 Rf7 32. Rc8+ Kg7 33. Ree8 Rd2 34. Rg8+ Kh6 35. Rc4 Rf5 36. Rc6+ Kh5 37. g4+ 1-0